 Dungeon Crawl Stone Soup version 0.26-b1-32-g5d43845318 (webtiles) character file.

Game seed: 17833307408951734604

284 Borgoz the Cudgeller (level 6, 7/37 HPs)
             Began as a Gargoyle Gladiator on Jan 11, 2021.
             Quit the game on level 4 of the Dungeon.
             The game lasted 00:04:29 (2739 turns).

Borgoz the Cudgeller (Gargoyle Gladiator)           Turns: 2739, Time: 00:04:30

Health: 7/37       AC: 14    Str: 17    XL:     6   Next: 29%
Magic:  6/6        EV: 13    Int:  9    God:
Gold:   226        SH:  0    Dex: 13    Spells: 5/5 levels left

rFire    + . .     SeeInvis .   a - +2 flail
rCold    . . .     Faith    .   (no shield)
rNeg     + . .     Spirit   .   b - +0 leather armour
rPois    ∞         Reflect  .   (helmet restricted)
rElec    +         Harm     .   x - +0 cloak
rCorr    .         Rampage  .   m - +2 pair of gloves
Will     .....                  o - +1 pair of boots
Stlth    +.........             (no amulet)
HPRegen  0.12/turn              (no ring)
MPRegen  0.10/turn              (no ring)

@: flying
A: fangs 1, horns 1, deterioration 1, fire resistance 1, negative energy
resistance 1, electricity resistance, unbreathing, petrification resistance,
miasma immunity, AC +4
a: no special abilities


You were on level 4 of the Dungeon.
You visited 1 branch of the dungeon, and saw 4 of its levels.

You collected 226 gold pieces.

Inventory:

Hand Weapons
 a - a +2 flail (weapon)
Missiles
 d - 5 throwing nets (quivered)
Armour
 b - a +0 leather armour (worn)
 j - a +1 helmet
 m - a +2 pair of gloves (worn)
 o - a +1 pair of boots (worn)
 x - a +0 cloak (worn)
Scrolls
 f - a scroll of remove curse {unknown}
 l - a scroll of teleportation {unknown}
 n - a scroll of magic mapping {unknown}
 q - 2 scrolls of identify {unknown}
 s - a scroll of fog {unknown}
 t - a scroll of enchant armour {unknown}
Potions
 c - a potion of cancellation {unknown}
 e - a potion of flight
 g - 2 potions of curing {unknown}
 h - 2 potions of attraction {unknown}
 i - a potion of mutation
 k - a potion of degeneration {unknown}
 p - a potion of might {unknown}
 r - a potion of invisibility {unknown}
 u - a potion of haste {unknown}
 w - 2 potions of brilliance {unknown}


   Skills:
 + Level 3.4 Fighting
 * Level 4.6 Maces & Flails
 - Level 1.7 Throwing
 + Level 2.5 Armour
 * Level 3.8 Dodging


You had 5 spell levels left.
You didn't know any spells.
Your spell library was empty.

Dungeon Overview and Level Annotations

Branches:
Dungeon (4/15)
 Temple: D:4-7

Altars:
Cheibriados
Okawaru

Annotations:
D:4 3 runed translucent doors, bl3nd3r's ghost, amateur GrFi


Innate Abilities, Weirdness & Mutations

You are resistant to torment.
Your stone body is resilient. (AC +4)
You are immune to poison.
You resist negative energy. (rN+)
You are resistant to electric shocks. (rElec)
You can survive without breathing.
You are immune to petrification.
You are immune to miasma.
You have very sharp teeth.
You have a pair of small horns on your head.
Your body sometimes deteriorates upon taking damage.
Your flesh is heat resistant. (rF+)


Message History

You feel clumsy.
You feel resistant to heat. The orc closely misses you.
The orc wizard hits you but does no damage.
The orc barely misses you.
Okay, then.
Sorry, you're not good enough to have a special ability.
Sorry, you're not good enough to have a special ability.
Really quaff the potion of mutation?
You feel extremely strange.
You feel agile.
You feel yourself wasting away.
Your teeth lengthen and sharpen.
A pair of horns grows on your head!
Your +1 helmet falls away!
The orc priest calls upon Beogh to heal the orc wizard.
The orc wizard is healed somewhat.
The orc hits you with a +0 mace.
* * * LOW HITPOINT WARNING * * *
The orc wizard casts a spell at you. The magic dart hits you.
* * * LOW HITPOINT WARNING * * *
The orc closely misses you.
Are you sure you want to abandon this character and quit the game? (Confirm with "yes".)

#.......#.......#
######...#..$$...#
#..# #...#.....).#
#...##...#...$...#
#....#...#.......#
#.......#Y..!...
#.......#BW.....
##...#..###+++##
##.##..@oo...(. ##
##.oo...###
########


You could see an ice beast, a worker ant, an orc priest, an orc wizard,
bl3nd3r's ghost and 2 orcs.

Vanquished Creatures
  Crazy Yiuf (D:3)
  An orc wizard (D:3)
  Jessica (D:3)
  Ijyb (D:3)
  7 gnolls (D:3)
  3 adders (D:2)
  3 worms
  A leopard gecko (D:1)
  4 orcs (D:3)
  5 giant cockroaches
  9 goblins
  8 hobgoblins
  2 jackals (D:2)
  2 quokkas (D:3)
  9 bats
  4 frilled lizards
  9 kobolds
  8 rats
78 creatures vanquished.

Notes
Turn   | Place    | Note
-------+----------+-------------------------------------------
     0 | D:1      | Borgoz the Gargoyle Gladiator began the quest for the Orb.
     0 | D:1      | Reached XP level 1. HP: 12/12 MP: 1/1
   223 | D:1      | Reached XP level 2. HP: 17/17 MP: 2/2
   675 | D:1      | Reached skill level 1 in Armour
  1004 | D:2      | Reached XP level 3. HP: 21/22 MP: 3/3
  1405 | D:2      | Reached XP level 4. HP: 27/27 MP: 4/4
  1427 | D:2      | You fall into a shaft and drop 1 floor!
  1926 | D:3      | Reached skill level 4 in Maces & Flails
  1926 | D:3      | Reached XP level 5. HP: 27/32 MP: 5/5
  2113 | D:3      | Found an iron altar of Okawaru.
  2114 | D:3      | Noticed Ijyb
  2151 | D:3      | Killed Ijyb
  2314 | D:3      | Reached XP level 6. HP: 37/37 MP: 6/6
  2414 | D:3      | Noticed Jessica
  2420 | D:3      | Killed Jessica
  2427 | D:3      | Found a snail-covered altar of Cheibriados.
  2514 | D:3      | Found a runed translucent door.
  2515 | D:3      | Noticed Crazy Yiuf
  2640 | D:3      | Killed Crazy Yiuf
  2714 | D:4      | Noticed an ice beast
  2724 | D:4      | Found a runed translucent gate.
  2725 | D:4      | Found a runed translucent gate.
  2725 | D:4      | Noticed bl3nd3r's ghost (amateur GrFi)
  2733 | D:4      | Found a runed translucent gate.
  2737 | D:4      | Gained mutation: You are clumsy. (Dex -2) [potion of
                  | mutation]
  2737 | D:4      | Gained mutation: Your flesh is heat resistant. (rF+)
                  | [potion of mutation]
  2738 | D:4      | Lost mutation: You are clumsy. (Dex -2) [potion of
                  | mutation]
  2738 | D:4      | Gained mutation: Your body sometimes deteriorates upon
                  | taking damage. [potion of mutation]
  2738 | D:4      | Gained mutation: You have very sharp teeth. [potion of
                  | mutation]
  2738 | D:4      | Gained mutation: You have a pair of small horns on your
                  | head. [potion of mutation]
  2739 | D:4      | Quit the game

Illustrated notes

Levels and vault maps discovered:
D:1:      shiori_arrival_oz, layout_loops_ring
D:2:      layout_basic, patterned_corridor
D:3:      layout_rooms, okawaru_gym_becter, lemuel_doored_altar, uniq_ijyb,
          uniq_crazy_yiuf_cottage, uniq_jessica
D:4:      minmay_angry_zag, layout_cave_pools, doesnt_xom_only_xom,
          nicolae_dithmenos_the_darkroom, gammafunk_ghost_split, fedhas_altar_2

Skill      XL: |  1  2  3  4  5 |
---------------+----------------+-----
Armour         | 1 2 |  2.5
Dodging        | 3 |  3.8
Maces & Flails | 4 |  4.6
Fighting       | 3 |  3.4
Throwing       | |  1.7

Action                   |  1- 3 |  4- 6 || total
-------------------------+-------+-------++-------
Melee: Flail             |   100 |   136 ||   236
  Use: Scroll            |     3 |       ||     3
       Potion            |       |     3 ||     3
Armor: Leather armour    |    40 |    81 ||   121
Dodge: Dodged            |    75 |   125 ||   200
